 Dungeon Crawl Stone Soup version 0.32-a0-391-gce5c0aab1b (webtiles) character file.

Game seed: 1686276113679394952

988 Sobieck the Poker (level 8, -8/60 HPs)
             Began as a Coglin Gladiator on Feb 19, 2024.
             Mangled by Menkaure (11 damage)
             ... on level 5 of the Dungeon.
             The game lasted 00:04:25 (3640 turns).

Sobieck the Poker (Coglin Gladiator)                Turns: 3640, Time: 00:04:25

Health: -8/60      AC:  4    Str: 16    XL:     8   Next: 18%
Magic:  8/8        EV: 13    Int:  9    God:
Gold:   192        SH:  0    Dex: 15    Spells: 7/7 levels left

rFire   . . .        a - +0 trident {Minjun}
rCold   . . .        y - +0 trident {Thatsani}
rNeg    . . .        b - +0 leather armour
rPois   .            c - +0 helmet
rElec   .            (no cloak)
rCorr   .            (no gloves)
SInv    .            (no boots)
Will    .....        (no amulet)
Stlth   +            (no ring)
HPRegen 0.30/turn    (no ring)
MPRegen 0.11/turn

%: no passive effects
@: revved, stiff-legged, very slow
A: off-hand wielding, slow wielding, warmup strikes, warmup strides
a: no special abilities


You were on level 5 of the Dungeon.
You visited 1 branch of the dungeon, and saw 5 of its levels.

You collected 192 gold pieces.

Inventory:

Hand Weapons
 a - a +0 trident (weapon) {Minjun}
 o - a +0 dagger {Leticia}
 p - a +0 dagger of venom {Dave}
 s - a +0 scythe
 y - a +0 trident (worn) {Thatsani}
Missiles
 j - 43 stones
 k - 7 poisoned darts
 t - 2 boomerangs
 v - a javelin (quivered)
 Z - 3 throwing nets
Armour
 b - a +0 leather armour (worn)
 c - a +0 helmet (worn)
 r - a +0 chain mail
Magical Staves
 A - a staff of alchemy
 E - a staff of earth
Jewellery
 f - a +6 ring of strength
 n - a ring of positive energy
Wands
 F - a wand of roots (9)
 V - a wand of flame (30)
Scrolls
 d - a scroll of poison {unknown}
 e - 6 scrolls of identify {unknown}
 h - a scroll of fear {unknown}
 q - a scroll of vulnerability {unknown}
 u - a scroll of blinking {unknown}
 w - a scroll of noise {unknown}
 x - a scroll of summoning {unknown}
 B - a scroll of amnesia {unknown}
Potions
 g - a potion of degeneration {unknown}
 i - a potion of lignification {unknown}
 l - a potion of cancellation {unknown}
 m - 3 potions of might {unknown}
 z - a potion of attraction {unknown}
 C - a potion of invisibility {unknown}
 D - a potion of magic {unknown}


   Skills:
 + Level 4.1 Fighting
 * Level 5.6 Polearms
 + Level 3.8 Throwing
 + Level 3.0 Armour
 + Level 4.2 Dodging


You had 7 spell levels left.
You didn't know any spells.
Your spell library was empty.

Dungeon Overview and Level Annotations

Branches:
Dungeon (5/15)
 Temple: D:4-7

Altars:
Kikubaaqudgha
Makhleb
Qazlal
Ru
Sif Muna
Xom
Zin

Annotations:
D:2 Natasha
D:5 Menkaure


Innate Abilities, Weirdness & Mutations

You can wield a second weapon in your off-hand.
It takes a long time for you to wield or remove held weapons.
Your first few attacks do less damage.
Your first movements take longer.


Message History

a +0 dagger; a +0 robe; the elf corpse of Dowan Unknown command.
You start resting.
HP restored.
Unknown command.
Unknown command.
F - a wand of roots (9)
You now have 192 gold pieces (gained 9).
Found a stone staircase leading up.
No target in view!
m - 3 ruby potions (gained 1) Menkaure, Prince of Dust comes into view.
Menkaure is nearby!
Found an escape hatch in the ceiling.
You closely miss Menkaure with your +0 trident.
You hit Menkaure with your +0 trident. Menkaure hits you!
You hit Menkaure with your +0 trident.
Menkaure is moderately damaged.
You barely miss Menkaure with your +0 trident.
Menkaure gestures wildly while chanting.
Menkaure seems to speed up.
You hit Menkaure but do no damage.
Menkaure is moderately damaged.
You hit Menkaure but do no damage.
Menkaure hums, "Let me perform the rites..."
Menkaure hits you!
* * * LOW HITPOINT WARNING * * *
You are too injured to fight recklessly!
You are too injured to fight recklessly!
You are too injured to fight recklessly!
You hit Menkaure but do no damage.
Menkaure is moderately damaged.
You barely miss Menkaure with your +0 trident.
Menkaure barely misses you.
Unknown command.
You hit Menkaure with your +0 trident.
Menkaure is heavily damaged.
You hit Menkaure with your +0 trident. Menkaure hits you!!
* * * LOW HITPOINT WARNING * * *
You barely miss Menkaure with your +0 trident.
Menkaure is severely damaged.
You hit Menkaure with your +0 trident.
Menkaure points at you and mumbles some strange words.
Pain shoots through your body!
* * * LOW HITPOINT WARNING * * *
Menkaure misses you.
You barely miss Menkaure with your +0 trident.
Menkaure is almost destroyed.
You hit Menkaure with your +0 trident. Menkaure hits you!
You die...

########..#...........#
#..............#
##.#.......#...#
#.#.#.....#...#
#.#########.#.#
########...........#.#
........############.#
...........<... .#
.......@#######
.......M# ........#
........# ........#
........# #########


You could see Menkaure (fast).

Vanquished Creatures
  Sigmund (D:2)
  Duvessa (D:5)
  A black bear (D:4)
  2 ogres (D:4)
  Dowan (D:5)
  2 bombardier beetles
  A hound (D:4)
  An orc priest (D:3)
  Natasha (D:2)
  2 orc wizards
  Robin (D:2)
  6 adders
  2 dart slugs
  19 orcs
  7 ball pythons
  6 endoplasms
  A giant cockroach (D:2)
  6 hobgoblins
  2 jackals (D:1)
  7 kobolds
  2 quokkas
  3 bats (D:1)
  3 frilled lizards
  14 goblins
  2 rats
94 creatures vanquished.

Notes
Turn   | Place    | Note
-------+----------+-------------------------------------------
     0 | D:1      | Sobieck the Coglin Gladiator began the quest for the Orb.
     0 | D:1      | Reached XP level 1. HP: 16/16 MP: 1/1
   165 | D:1      | Reached XP level 2. HP: 22/22 MP: 2/2
   372 | D:1      | Reached skill level 3 in Polearms
   853 | D:2      | Reached XP level 3. HP: 27/27 MP: 3/3
   938 | D:2      | Reached skill level 1 in Armour
   938 | D:2      | Reached skill level 3 in Dodging
   938 | D:2      | Reached XP level 4. HP: 22/34 MP: 4/4
  1039 | D:2      | Noticed Robin
  1064 | D:2      | Killed Robin
  1230 | D:2      | Noticed Sigmund
  1263 | D:2      | Killed Sigmund
  1264 | D:2      | Reached skill level 3 in Fighting
  1264 | D:2      | Reached skill level 4 in Polearms
  1264 | D:2      | Reached XP level 5. HP: 23/41 MP: 5/5
  1264 | D:2      | Reached XP level 6. HP: 26/47 MP: 6/6
  1264 | D:2      | Noticed Natasha
  1541 | D:2      | Killed Natasha
  1696 | D:2      | Noticed Natasha
  1766 | D:3      | Found a sacrificial altar of Ru.
  1860 | D:3      | Reached skill level 3 in Throwing
  2084 | D:3      | Found a stormy altar of Qazlal.
  2479 | D:3      | Found a shimmering blue altar of Sif Muna.
  2584 | D:4      | Reached XP level 7. HP: 16/52 MP: 7/7
  2893 | D:4      | Found a burning altar of Makhleb.
  2898 | D:4      | Found a glowing silver altar of Zin.
  2923 | D:4      | Reached skill level 5 in Polearms
  3403 | D:4      | Reached XP level 8. HP: 54/60 MP: 8/8
  3442 | D:4      | Found an ancient bone altar of Kikubaaqudgha.
  3482 | D:4      | Found a shimmering altar of Xom.
  3501 | D:5      | Entered Level 5 of the Dungeon
  3506 | D:5      | Noticed Duvessa
  3506 | D:5      | Noticed Dowan
  3511 | D:5      | Killed Duvessa
  3519 | D:5      | Killed Dowan
  3520 | D:5      | Reached skill level 3 in Armour
  3630 | D:5      | Noticed Menkaure
  3639 | D:5      | HP: 3/60 [Menkaure/nerve-wracking pain (13)]
  3640 | D:5      | Mangled by Menkaure

Illustrated notes

Levels and vault maps discovered:
D:1:      nicolae_arrival_memento_mori, layout_basic
D:2:      layout_basic, uniq_sigmund, uniq_natasha, uniq_robin
D:3:      layout_loops_ring, nicolae_ru_sacrificial_ziggurat,
          nicolae_qazlal_scattered_showers, led_sif_pool,
          amcnicky_mini_rare_corridor_liquid, corexii_hall_statues_x
D:4:      layout_loops_ring, grunt_temple_overflow_order_and_chaos_2,
          mainiacjoe_overflow_swirl
D:5:      layout_basic, yredelemnul_altar_generic, minmay_temple_entry_ruins,
          serial_shops, nicolae_shop_crystal, minmay_manual_monolith,
          uniq_menkaure, uniq_duvessa

Skill      XL: |  1  2  3  4  5  6  7  8 |
---------------+-------------------------+-----
Throwing       | 2 3 |  3.8
Polearms       | 3 4 5 |  5.6
Armour         | 1 2 3 |  3.0
Dodging        | 3 4 |  4.2
Fighting       | 3 4 |  4.1

Action                     |  1- 3 |  4- 6 |  7- 9 || total
---------------------------+-------+-------+-------++-------
  Melee: Trident           |    53 |   126 |   168 ||   347
         Dagger            |       |    60 |       ||    60
   Stab: Sleeping          |       |     1 |     2 ||     3
         Distracted        |       |     1 |       ||     1
 Armour: Leather armour    |    23 |    42 |    35 ||   100
  Dodge: Dodged            |    32 |    45 |    40 ||   117

Table legend: (Time is in decaauts)
 A = Elapsed time spent in this place.
 B = Non-inter-level travel time spent in this place.
 C = Inter-level travel time spent in this place.
 D = Time resting spent in this place.
 E = Time spent auto-exploring this place.
 F = Levels seen in this place.
 G = Mean time per level.
                   A        B        C        D        E       F      G
               +--------+--------+--------+--------+--------+-----+--------+
         Total |   3774 |   3661 |    113 |    436 |   2594 |   5 |  754.8 |
       Dungeon |   3774 |   3661 |    113 |    436 |   2594 |   5 |  754.8 |
               +--------+--------+--------+--------+--------+-----+--------+

Top non-repeatable levels by time:
     D:4: 1003 daAuts
     D:2: 954 daAuts
     D:1: 876 daAuts
     D:3: 795 daAuts
     D:5: 143 daAuts
